 Dungeon Crawl Stone Soup version 0.18.1-50-g88ac8fd (webtiles) character file.

153 grisgris the Conjurer (level 5, -3/28 HPs)
             Began as a Deep Elf Conjurer on Oct 15, 2016.
             Killed from afar by an orc wizard (9 damage)
             ... with a puff of flame
             ... on level 6 of the Dungeon.
             The game lasted 00:09:30 (2016 turns).

grisgris the Conjurer (Deep Elf Conjurer)           Turns: 2016, Time: 00:09:32

Health: -3/28      AC:  3    Str: 10    XL:     5   Next: 12%
Magic:  2/14       EV: 13    Int: 28    God:
Gold:   176        SH:  0    Dex: 15    Spells: 3 memorised, 8 levels left

rFire  . . .     SeeInvis .     d - +0 short sword
rCold  . . .     Gourm    .     l - +0 robe (curse)
rNeg   . . .     Faith    +     (no shield)
rPois  .         Spirit   .     (no helmet)
rElec  .         Dismiss  .     (no cloak)
rCorr  .         Reflect  .     k - +0 pair of gloves
SustAt +         Harm     .     (no boots)
MR     .....                    f - amulet of faith
Stlth  ++........               j - ring of sustain attributes
                                n - +2 ring of intelligence

@: mighty, brilliant, not resistant to hostile enchantments, unstealthy
A: no striking features
a: no special abilities


You were on level 6 of the Dungeon.
You were hungry.

You visited 1 branch of the dungeon, and saw 5 of its levels.

You collected 176 gold pieces.

Inventory:

Hand Weapons
 d - a +0 short sword (weapon)
Armour
 a - a +0 robe
 k - a +0 pair of gloves (worn)
 l - a cursed +0 robe (worn)
Jewellery
 f - an amulet of faith (around neck)
 g - an uncursed ring of see invisible
 j - a ring of sustain attributes (right hand)
 n - a +2 ring of intelligence (left hand)
Scrolls
 e - 2 scrolls of teleportation
 o - a scroll of identify
 q - a scroll of random uselessness {unknown}
Potions
 p - a potion of brilliance
Books
 b - a book of Conjurations

   Spells                             Type                      Level
   a - Magic Dart                     Conjuration                  1
   b - Searing Ray                    Conjuration                  2
   c - Dazzling Spray                 Conjuration/Hexes            3
   d - Fulminant Prism                Conjuration/Hexes            4
   e - Iskenderun's Mystic Blast      Conjuration                  4
   f - Iskenderun's Battlesphere      Conjuration/Charms           5
Comestibles
 c - 4 bread rations
 h - 2 fruits


   Skills:
 - Level 2.4 Dodging
 - Level 2.4 Stealth
 * Level 5.0 Spellcasting
 * Level 5.8 Conjurations
 + Level 2.1 Hexes


You had 8 spell levels left.
You knew the following spells:

 Your Spells              Type           Power        Failure   Level  Hunger
a - Magic Dart            Conj           ####         1%          1    None
b - Searing Ray           Conj           ######       1%          2    None
c - Dazzling Spray        Conj/Hex       #####.       1%          3    #......


Dungeon Overview and Level Annotations

Branches:
Dungeon (4/15)
 Temple: D:4-7

Altars:
Cheibriados

Shops:
D:6 !=

Annotations:
D:6 Sigmund


Message History

Your Spellcasting skill increases to level 5!
You have reached level 5!
Sigmund barely misses you.
Drink which item? (? for menu, Esc to quit)
You feel better.
Sigmund gestures wildly while chanting.
Sigmund flickers and vanishes!
Deactivating autopickup; reactivate with Ctrl-A.
You barely miss the orc wizard. Something hits you but does no damage.
The orc wizard hits you with a dagger.
You closely miss something. The orc wizard hits you with a dagger.
Something hits you.
You puncture something! The orc wizard closely misses you.
You puncture the orc wizard!
The orc wizard is almost dead.
Something hits you.
* * * LOW HITPOINT WARNING * * *
The orc wizard casts a spell at you. The puff of flame hits you!
You die...

...........#.........#**,,o.,***,
...........'.........# *,...,* *,
.....##....#.........###....,***,
###..###+############.......,,,,,
..#..##....#....+...@.......,,,,,
..#.......∩#....#...5....._.,,,,,
..#........##...##..#.......,,,,*
..###########...###'#.......,,,,*
............#...@{..####....,****
.................o...# *,...,*
...........#.#..#....#**,,..,*
.[..........∩..#####....,,,#**
...........#.### *####****
####....###..# #....#...##
#....#...# #....#+#.#


You could see an orc wizard.

Vanquished Creatures
  An iron imp (D:6)
  Ijyb (D:2)
  3 adders
  2 worms
  2 dart slugs (D:1)
  4 giant geckos
  5 bats
  4 hobgoblins
  4 jackals (D:2)
  6 kobolds
  2 quokkas
  A giant newt (D:6)
  13 goblins
  4 rats
52 creatures vanquished.

Notes
Turn   | Place    | Note
--------------------------------------------------------------
     0 | D:1      | grisgris the Deep Elf Conjurer began the quest for the Orb.
     0 | D:1      | Reached XP level 1. HP: 10/10 MP: 6/6
   249 | D:1      | Reached XP level 2. HP: 15/15 MP: 1/8
   253 | D:1      | Learned a level 2 spell: Searing Ray
   940 | D:1      | Reached skill level 5 in Conjurations
  1072 | D:2      | Reached XP level 3. HP: 19/19 MP: 3/10
  1077 | D:2      | Learned a level 3 spell: Dazzling Spray
  1251 | D:2      | Reached skill level 1 in Hexes
  1462 | D:2      | Reached XP level 4. HP: 24/24 MP: 3/12
  1602 | D:2      | Noticed Ijyb
  1613 | D:2      | Killed Ijyb
  1865 | D:4      | You fall through a shaft for 2 floors!
  1912 | D:6      | Found Woiroam's Distillery.
  1978 | D:6      | Found Igothreo's Jewellery Boutique.
  1996 | D:6      | Found a snail-covered altar of Cheibriados.
  1997 | D:6      | Noticed Sigmund
  2010 | D:6      | Reached skill level 5 in Spellcasting
  2010 | D:6      | Reached XP level 5. HP: 14/28 MP: 1/14
  2016 | D:6      | Killed from afar by an orc wizard

Skill      XL: |  1  2  3  4 |
---------------+-------------+-----
Conjurations   | 5 |  5.8
Spellcasting   | 4 5 |  5.0
Hexes          | 1 2 |  2.1
Dodging        | |  2.4
Stealth        | |  2.4

Action                   |  1- 3 |  4- 6 || total
-------------------------+-------+-------++-------
Melee: Short sword       |     3 |    11 ||    14
 Cast: Magic Dart        |    62 |    23 ||    85
       Searing Ray       |     2 |     6 ||     8
       Dazzling Spray    |       |     3 ||     3
  Use: Scroll            |     4 |     2 ||     6
       Potion            |     4 |     5 ||     9
 Stab: Sleeping          |     1 |     2 ||     3
  Eat: Fruit             |     1 |     1 ||     2
       Pizza             |     1 |       ||     1
Armor: Robe              |       |     1 ||     1
Dodge: Dodged            |     8 |     8 ||    16
